 Dungeon Crawl Stone Soup version 0.24-a0-271-ga0fc33f (webtiles) character file.

Game seed: 10278942727045474523

314506 Laiders72 the Warrior (level 20, -2/195 HPs)
             Began as a Minotaur Berserker on Apr 22, 2019.
             Was the Champion of Trog.
             Killed by the air
             ... invoked by a spriggan air mage
              (14 damage)
             ... on level 2 of the Depths on Apr 23, 2019.
             The game lasted 02:41:56 (39808 turns).

Laiders72 the Warrior (Minotaur Berserker)         Turns: 39808, Time: 02:41:57

Health: -2/195     AC: 29    Str: 26    XL:     20   Next: 49%
Magic:  23/23      EV: 19    Int:  5    God:    Trog [******]
Gold:   2368       SH: 20    Dex: 18    Spells: 19/19 levels left

rFire    + + .     SeeInvis .   z - +4 eveningstar "Ping" {speed, +Rage Int-5 Dex+2}
rCold    . . .     Gourm    .   r - +0 shield
rNeg     . . .     Faith    .   W - +4 plate armour {MR+}
rPois    +         Spirit   .   H - +1 hat
rElec    +         Reflect  +   q - +2 cloak
rCorr    .         Harm     .   g - +0 pair of gloves
MR       +++..                  J - -1 pair of boots of the Vaults {rF+ MR+ Str+3}
Stlth    ..........             E - +4 amulet of reflection
HPRegen  0.42/turn              n - ring "Tauw Sevat" {rPois rF+ Int+4}
MPRegen  0.18/turn              F - ring "Daonkadgh" {rElec rPois Slay+4}

@: hasted, very quick
A: retaliatory headbutt, horns 2
}: 2/15 runes: decaying, gossamer
a: Berserk, Trog's Hand, Brothers in Arms, Renounce Religion, Evoke Berserk Rage


You were on level 2 of the Depths.
You worshipped Trog.
Trog was exalted by your worship.
You were hungry.

You visited 7 branches of the dungeon, and saw 36 of its levels.
You also visited: Sewer and Ice Cave.

You collected 3771 gold pieces.
You spent 1403 gold pieces at shops.

Inventory:

Hand Weapons
 z - the +4 eveningstar "Ping" (weapon) {speed, +Rage Int-5 Dex+2}
   (Trog gifted it to you in an ice cave)

   Attacks with this weapon are significantly faster.
   It affects your intelligence (-5).
   It affects your dexterity (+2).
   It lets you go berserk.
 X - a +2 demon whip of electrocution
Missiles
 u - 36 javelins of returning (quivered)
Armour
 g - a +0 pair of gloves (worn)
 q - a +2 cloak (worn)
 r - a +0 shield (worn)
 H - a +1 hat (worn)
 J - the -1 pair of boots of the Vaults (worn) {rF+ MR+ Str+3}
   (You acquired it on level 6 of the Lair of Beasts)

   It affects your strength (+3).
   It protects you from fire.
   It affects your resistance to hostile enchantments.
 P - a scarf of resistance
 W - a +4 plate armour of magic resistance (worn)
Jewellery
 n - the ring "Tauw Sevat" (left hand) {rPois rF+ Int+4}
   (You acquired it on level 11 of the Dungeon)

   [ring of poison resistance]

   It affects your intelligence (+4).
   It protects you from fire.
   It protects you from poison.
 s - the ring "Buthol" {rF+ rC- Int+5 Dex+2}
   (You found it on level 5 of the Dungeon)

   [ring of protection from fire]

   It affects your intelligence (+5).
   It affects your dexterity (+2).
   It protects you from fire.
   It makes you vulnerable to cold.
 E - a +4 amulet of reflection (around neck)
 F - the ring "Daonkadgh" (right hand) {rElec rPois Slay+4}
   (You acquired it on level 3 of the Lair of Beasts)

   [ring of poison resistance]

   It affects your accuracy and damage with ranged weapons and melee attacks
   (+4).
   It insulates you from electricity.
   It protects you from poison.
 S - an uncursed ring of see invisible
Wands
 y - a wand of polymorph (18)
 D - a wand of enslavement (4)
 G - a wand of acid (41)
 L - a wand of digging (4)
 N - a wand of paralysis (28)
 O - a wand of disintegration (9)
 Q - a wand of flame (50)
 U - a wand of iceblast (37)
 V - a wand of scattershot (10)
Scrolls
 a - 7 scrolls of fear
 b - 16 scrolls of teleportation
 i - 7 scrolls of magic mapping
 k - 5 scrolls of immolation
 m - 5 scrolls of enchant weapon
 o - 17 scrolls of remove curse
 x - 4 scrolls of enchant armour
 B - 5 scrolls of fog
 I - a scroll of brand weapon
 K - a scroll of silence
 M - a scroll of summoning
 R - 11 scrolls of identify
 Y - 3 scrolls of blinking
Potions
 d - 3 potions of cancellation
 e - 6 potions of ambrosia
 f - a potion of heal wounds
 h - 5 potions of resistance
 j - 6 potions of might
 l - 18 potions of curing
 p - 4 potions of invisibility
 t - 10 potions of lignification
 v - 8 potions of brilliance
 w - 5 potions of agility
 A - 5 potions of mutation
 C - 9 potions of flight
 T - 2 potions of haste
Comestibles
 c - 69 rations


   Skills:
 + Level 20.8 Fighting
 - Level 18.0 Maces & Flails
 - Level 10.0 Throwing
 - Level 18.0 Armour
 + Level 16.8 Dodging
 - Level 18.0 Shields
 - Level 6.0 Evocations


You had 19 spell levels left.
You didn't know any spells.
Your spell library was empty.

Dungeon Overview and Level Annotations

Branches:
Dungeon (15/15)            Temple (0/1) D:5            Lair (6/6) D:8
  Swamp (4/4) Lair:3       Spider (4/4) Lair:2          Orc (2/2) D:11
    Elf (3/3) Orc:2        Vaults (0/5) D:14         Depths (2/5) D:15
  Slime: Lair:5-6

Altars:
Dithmenos
Okawaru
Qazlal
Ru
Uskayaw
Zin
Beogh

Shops:
D:8 }   D:11 [   Orc:1 !   Orc:2 }[(%   Depths:1 *:

Portals:
Hell: Depths:1

Annotations:
D:13 3 runed translucent doors, Lanoc's ghost, journeyman DrGl
Lair:6 1 runed translucent door
Orc:1 1 runed translucent door, exclusion: 4 orange crystal statues


Innate Abilities, Weirdness & Mutations

You reflexively headbutt those who attack you in melee.
You have a pair of horns on your head.


Message History

Your deep troll bites the caustic shrike but does no damage.
Your deep troll misses the caustic shrike.
Your deep troll barely misses the caustic shrike.
The caustic shrike claws your deep troll!!
Your deep troll is splashed with acid.
Your deep troll closely misses the caustic shrike.
Your deep troll claws the caustic shrike!!
Your deep troll claws the caustic shrike.
The caustic shrike claws something!!
The fire giant points at you and mumbles some strange words.
The fireball explodes!
The fireball engulfs you! You resist.
* * * LOW HITPOINT WARNING * * *
You hear a shout!
You feel yourself speed up.
The fire giant gestures at you while chanting.
The fireball explodes!
The fireball engulfs you. You resist.
* * * LOW HITPOINT WARNING * * *
The spriggan air mage waves its arms in wide circles.
The air twists around and strikes you!
You die...

.....(.....########......#.......
......####......^........#.....##
.....## #........[#######.......
##########.........# #........#
........##....(....# #...(.....
###................# #.........
........#..........#####..(.(...#
.......###......................#
........#.......@........(......#
.....#...).#..#.b...()...........
....###.>)###.#.........###.....#
##...#.....#............# #.....#
##.(...#.....##........# .....#
#....###....##.....)..# ######
#.....#......i........#
#...............#######
###.###.............


You could see a caustic shrike and a spriggan air mage.

Vanquished Creatures
  Arachne (Spider:3)
  2 tentacled monstrosities
  Rupert (Orc:2)
  3 deep elf master archers (Elf:3)
  4 deep elf blademasters (Elf:3)
  3 thorn hunters
  Kirke (Lair:5)
  A tengu reaver (Depths:2)
  A frost giant (Depths:1)
  Donald (Spider:3)
  4 deep elf sorcerers (Elf:3)
  A fire giant (Depths:2)
  A balrug (Depths:1)
  2 orc warlords (Orc:2)
  4 ghost moths
  Aizul (Spider:2)
  6 emperor scorpions (Spider:4)
  4 deep elf elementalists (Elf:3)
  5 very ugly things
  2 entropy weavers
  5 stone giants
  6 deep elf annihilators (Elf:3)
  2 deep elf demonologists (Elf:3)
  Azrael (Orc:2)
  A dire elephant (D:15)
  5 spark wasps
  4 deep elf death magi (Elf:3)
  Snorg (D:12)
  2 ettins (Depths:1)
  A merfolk impaler (Depths:1)
  2 great orbs of eyes
  2 rakshasas (Depths:1)
  2 deep elf high priests
  Josephine (Orc:2)
  3 ice dragons
  Harold (Lair:1)
  A vault guard (D:14)
  18 hydras
  A catoblepas (D:14)
  4 centaur warriors
  A spriggan air mage (Depths:2)
  2 ghost crabs
  Erica (D:8)
  A shambling mangrove (Swamp:4)
  15 alligators
  A two-headed ogre (shapeshifter) (Depths:2)
  3 ogre magi
  2 tengu warriors (Depths:2)
  26 dancing weapons
  A death knight (D:14)
  10 two-headed ogres
  3 deep troll shamans
  16 death yaks
  Urug (Lair:1)
  An orc high priest (Orc:1)
  2 deep troll earth magi (Depths:1)
  A large abomination (Elf:3)
  12 deep elf knights
  4 spriggans
  3 spriggan berserkers
  4 skeletal warriors
  2 sun demons (Depths:1)
  3 small abominations (Elf:3)
  2 spriggan druids
  5 deep trolls (Depths:1)
  13 swamp dragons
  12 deep elf archers
  A necromancer (D:14)
  Pikel (D:8)
  A harpy (D:14)
  3 orc knights
  4 wizards
  56 deep elf magi
  3 lindwurms (Lair:6)
  16 ugly things
  4 manticores
  29 wolf spiders
  5 orc sorcerers
  6 cyclopes
  13 orb spiders
  A moth of wrath (Spider:1)
  5 black mambas
  4 torpor snails (Lair:6)
  Psyche (D:8)
  2 ice statues (IceCv)
  6 kobold demonologists
  10 komodo dragons
  18 demonic crawlers
  19 spiny frogs
  2 rime drakes
  2 tengu conjurers (Depths:2)
  An ice devil (IceCv)
  A yaktaur (Depths:2)
  A merfolk (D:15)
  A queen bee (Lair:6)
  12 polar bears
  10 trolls
  16 jumping spiders
  Prince Ribbit (D:9)
  3 meliai (Lair:6)
  19 blink frogs
  2 wolf spider simulacra (D:14)
  19 hornets
  12 tyrant leeches
  3 raiju (Lair:6)
  5 bog bodies
  22 slime creatures
  9 hippogriffs
  34 redbacks
  4 air elementals
  6 shadows
  4 vampires
  21 tarantellas
  3 water elementals (Depths:1)
  19 humans
  2 fire elementals
  33 yaks
  A centaur simulacrum (D:14)
  8 wraiths
  A hog (Lair:5)
  A wyvern (D:14)
  A basilisk (Lair:2)
  4 hungry ghosts
  23 vampire mosquitoes
  A steam dragon (Lair:3)
  A soldier ant (D:13)
  8 wargs
  16 swamp worms
  2 acid dragons
  19 insubstantial wisps
  13 water moccasins
  19 hell hounds
  7 porcupines
  40 orc warriors
  14 black bears
  16 swamp drakes
  3 eyes of draining
  6 sky beasts
  5 phantoms
  17 ogres
  2 ice beasts (D:14)
  7 centaurs
  26 wolves
  11 crocodiles
  Blork the orc (D:4)
  9 big kobolds
  18 bullfrogs
  A wyvern skeleton (D:14)
  4 scorpions
  34 killer bees
  18 wights
  2 electric eels
  7 crimson imps
  2 bullfrog zombies
  7 hounds
  4 jellies
  3 centaur zombies
  7 centaur skeletons
  3 bullfrog skeletons
  21 orc priests
  34 orc wizards
  3 iguanas
  6 worker ants
  A hound skeleton (D:5)
  A hound zombie (D:8)
  A howler monkey zombie (D:7)
  A worker ant zombie (D:8)
  10 gnolls
  12 adders
  2 shadow imps
  21 white imps
  12 ufetubi
  3 adder zombies
  3 adder skeletons
  7 worms
  4 dart slugs
  6 leopard geckos
  125 orcs
  4 ball pythons
  5 giant cockroaches
  11 goblins
  11 hobgoblins
  14 jackals
  38 kobolds
  4 quokkas
  8 bats
  11 frilled lizards
  6 rats
  4 briar patches
  A butterfly (Lair:4)
  A crawling corpse (Elf:3)
  A fire vortex (D:13)
  A plant (Lair:6)
1518 creatures vanquished.

Vanquished Creatures (collateral kills)
  A frost giant (Depths:1)
  A reaper (IceCv)
  A very ugly thing (Depths:1)
  A vampire knight (Depths:2)
  A vault guard (D:14)
  A vampire mage (Depths:2)
  A two-headed ogre (D:14)
  A spriggan berserker (Depths:2)
  A glowing orange brain (D:14)
  4 orb spiders (Spider:4)
  4 ugly things
  An orc knight (Orc:2)
  An orc sorcerer (Orc:2)
  A wolf spider (Spider:4)
  2 slime creatures (Swamp:4)
  A torpor snail (Lair:6)
  5 ice devils (IceCv)
  3 demonic crawlers (Spider:4)
  A troll (Orc:2)
  2 jumping spiders (Spider:4)
  A tyrant leech (Swamp:4)
  A hornet (Lair:6)
  A hippogriff (D:14)
  3 redbacks (Spider:4)
  A tarantella (Spider:4)
  A yak (D:14)
  A basilisk (D:14)
  3 humans (D:14)
  A vampire mosquito (D:14)
  A warg (Orc:2)
  An acid dragon (D:12)
  2 orc warriors (Orc:2)
  A boggart (D:14)
  3 orc priests (Orc:2)
  An orc wizard (Orc:2)
  A white imp (D:14)
  3 orcs (Orc:2)
60 creatures vanquished.

Vanquished Creatures (others)
  2 deep elf master archers (Elf:3)
  A stone giant (Depths:2)
  Nessos (D:13)
  A hydra (Swamp:4)
  A centaur warrior (Depths:1)
  A spriggan berserker (Swamp:4)
  A deep elf knight (Elf:2)
  An unseen horror (D:14)
  2 deep elf magi
  2 cyclopes (D:15)
  A redback (Spider:1)
  A tarantella (Spider:1)
  A swamp worm (Swamp:1)
  An orc warrior (Orc:2)
  2 swamp drakes (Swamp:4)
  2 orc priests (Orc:2)
  A white imp (IceCv)
  6 ufetubi (IceCv)
  5 orcs (Orc:2)
  A giant cockroach (D:8)
  A ball python (D:2)
  A kobold (D:12)
  10 briar patches (Swamp:4)
  2 butterflies (Lair:5)
  5 fungi (Swamp:3)
  5 plants (Lair:6)
58 creatures vanquished.

Grand Total: 1636 creatures vanquished

Notes
Turn   | Place    | Note
-------+----------+-------------------------------------------
     0 | D:1      | Laiders72 the Minotaur Berserker began the quest for the
                  | Orb.
     0 | D:1      | Reached XP level 1. HP: 19/19 MP: 0/0
   308 | D:1      | Reached XP level 2. HP: 27/27 MP: 1/1
   803 | D:2      | Reached XP level 3. HP: 33/33 MP: 2/2
   804 | D:2      | Reached skill level 4 in Fighting
   894 | D:2      | Reached ** piety under Trog
  1066 | D:2      | Found a stormy altar of Qazlal.
  1184 | D:2      | Reached XP level 4. HP: 31/40 MP: 3/3
  1475 | D:3      | Reached *** piety under Trog
  1499 | D:3      | Reached skill level 5 in Maces & Flails
  1692 | D:3      | Reached XP level 5. HP: 47/47 MP: 4/4
  2187 | D:4      | Noticed a phantom
  2219 | D:4      | Received a gift from Trog
  2228 | D:4      | Killed a phantom
  2228 | D:4      | Reached skill level 1 in Shields
  2228 | D:4      | Reached XP level 6. HP: 55/55 MP: 5/5
  2273 | D:3      | Reached skill level 5 in Fighting
  2622 | D:4      | Found a sacrificial altar of Ru.
  2750 | D:4      | Reached XP level 7. HP: 61/61 MP: 6/6
  2903 | D:4      | Noticed Blork the orc
  2910 | D:4      | Killed Blork the orc
  3259 | D:5      | Entered Level 5 of the Dungeon
  3322 | D:5      | Reached **** piety under Trog
  3322 | D:5      | Reached skill level 5 in Armour
  3623 | D:5      | Found a staircase to the Ecumenical Temple.
  3796 | D:5      | Got a vibrating amber ring
  3813 | D:5      | Found a glowing drain.
  3841 | Sewer    | Entered a sewer
  3882 | Sewer    | Reached XP level 8. HP: 70/70 MP: 7/7
  3910 | Sewer    | Reached skill level 6 in Fighting
  4049 | Sewer    | Reached skill level 5 in Dodging
  4216 | D:5      | Found a shadowy altar of Dithmenos.
  4605 | D:6      | Identified the ring "Buthol" {rF+ rC- Int+5 Dex+2} (You
                  | found it on level 5 of the Dungeon)
  4701 | D:6      | Reached ***** piety under Trog
  4978 | D:6      | Received a gift from Trog
  5686 | D:7      | Reached skill level 7 in Fighting
  5686 | D:7      | Reached XP level 9. HP: 79/79 MP: 8/8
  5804 | D:7      | Reached skill level 5 in Shields
  6185 | D:8      | Noticed Pikel
  6201 | D:8      | Killed Pikel
  6201 | D:8      | Reached skill level 10 in Maces & Flails
  6204 | D:8      | Noticed a two-headed ogre
  6217 | D:8      | Killed a two-headed ogre
  6217 | D:8      | Received a gift from Trog
  6217 | D:8      | Reached skill level 8 in Fighting
  6270 | D:8      | Noticed a death yak
  6283 | D:8      | Killed a death yak
  6283 | D:8      | Reached XP level 10. HP: 41/90 MP: 9/9
  6293 | D:8      | Noticed a death yak
  6294 | D:8      | Noticed a death yak
  6295 | D:8      | Noticed a death yak
  6295 | D:8      | Noticed a death yak
  6296 | D:8      | Noticed a death yak
  6296 | D:8      | Noticed a death yak
  6315 | D:8      | Killed a death yak
  6315 | D:8      | Reached skill level 9 in Fighting
  6319 | D:8      | Killed a death yak
  6325 | D:8      | Killed a death yak
  6332 | D:8      | Killed a death yak
  6336 | D:8      | Killed a death yak
  6336 | D:8      | Reached skill level 10 in Fighting
  6342 | D:8      | Killed a death yak
  6342 | D:8      | Reached XP level 11. HP: 92/99 MP: 10/10
  6382 | D:8      | Found a staircase to the Lair.
  6475 | D:8      | Received a gift from Trog
  6710 | D:8      | Noticed Erica
  6726 | D:8      | Killed Erica
  6726 | D:8      | Reached skill level 1 in Throwing
  6738 | D:8      | Noticed Psyche
  6751 | D:8      | Killed Psyche
  6757 | D:8      | Found Vilupica's Gadget Shoppe.
  7210 | D:9      | Noticed Prince Ribbit
  7211 | D:9      | Noticed a two-headed ogre
  7226 | D:9      | Killed a two-headed ogre
  7242 | D:9      | Killed Prince Ribbit
  7717 | D:9      | Got a jewelled ring mail
  7728 | D:9      | Identified the +1 ring mail of Circular Logic {Regen+
                  | Int+4} (You found it on level 9 of the Dungeon)
  7878 | D:10     | Entered Level 10 of the Dungeon
  8346 | D:10     | Got a transparent leather armour
  8365 | D:10     | Noticed a two-headed ogre
  8376 | D:10     | Killed a two-headed ogre
  8447 | D:10     | Noticed a purple ugly thing
  8468 | D:10     | Killed a purple ugly thing
  8757 | D:10     | Identified the +3 leather armour of the Monkey {+Inv MP+9
                  | Stlth+} (You found it on level 10 of the Dungeon)
  8822 | D:11     | Reached skill level 10 in Shields
  8866 | D:11     | Reached skill level 5 in Throwing
  8915 | D:11     | Found Zeaq's Antique Armour Shoppe.
  8916 | D:11     | Found a staircase to the Orcish Mines.
  9130 | D:11     | Noticed a two-headed ogre
  9142 | D:11     | Killed a two-headed ogre
  9142 | D:11     | Reached XP level 12. HP: 54/106 MP: 11/11
  9770 | D:12     | Noticed Snorg
  9792 | D:12     | Killed Snorg
 10005 | D:12     | Found a frozen archway.
 10031 | D:12     | Reached ****** piety under Trog
 10184 | IceCv    | Entered an ice cave
 10282 | IceCv    | Received a gift from Trog
 10301 | IceCv    | Got a jewelled eveningstar {god gift}
 10302 | IceCv    | Identified the +4 eveningstar "Ping" {speed, +Rage Int-5
                  | Dex+2} (Trog gifted it to you in an ice cave)
 10327 | IceCv    | Reached skill level 10 in Armour
 10940 | IceCv    | Noticed a reaper
 10952 | IceCv    | Killed a reaper
 10962 | IceCv    | Got a scorched brass amulet
 12064 | D:13     | Noticed a minotaur
 12064 | D:13     | Noticed a centaur warrior
 12065 | D:13     | Noticed Lanoc's ghost (journeyman DrGl)
 12117 | D:13     | Found a runed translucent gate.
 12117 | D:13     | Found a runed translucent gate.
 12117 | D:13     | Found a runed translucent gate.
 12126 | D:13     | Found a glowing silver altar of Zin.
 12248 | D:13     | Noticed Nessos
 12256 | D:13     | Killed Nessos
 12314 | D:13     | Reached XP level 13. HP: 109/113 MP: 12/12
 12553 | D:13     | Noticed a spark wasp
 12590 | D:13     | Received a gift from Trog
 12713 | D:13     | Reached skill level 15 in Maces & Flails
 12769 | D:13     | Identified the amulet of Dim Light {Harm *Drain rF++ MR+}
                  | (You found it in an ice cave)
 13267 | D:14     | Received a gift from Trog
 13578 | D:14     | Reached skill level 15 in Shields
 13616 | D:14     | Reached skill level 1 in Evocations
 13918 | D:14     | Received a gift from Trog
 14671 | D:14     | Reached XP level 14. HP: 102/122 MP: 14/14
 14948 | D:14     | Found a gate to the Vaults.
 15217 | D:15     | Entered Level 15 of the Dungeon
 15254 | D:15     | Reached skill level 11 in Fighting
 16298 | D:15     | Found a staircase to the Depths.
 16497 | Depths:1 | Entered Level 1 of the Depths
 16550 | Depths:1 | Found Xest's Book Emporium.
 16785 | Depths:1 | Noticed a brown very ugly thing
 16796 | Depths:1 | Noticed a brown very ugly thing
 16800 | Depths:1 | Noticed a brown very ugly thing
 16811 | Depths:1 | Killed a brown very ugly thing
 16811 | Depths:1 | Received a gift from Trog
 16822 | Depths:1 | Killed a brown very ugly thing
 16834 | Depths:1 | Killed a red very ugly thing
 16834 | Depths:1 | Reached skill level 5 in Evocations
 16872 | Depths:1 | Reached skill level 12 in Fighting
 16874 | Depths:1 | Noticed a stone giant
 16883 | Depths:1 | Killed a stone giant
 16934 | Depths:1 | Noticed a stone giant
 16944 | Depths:1 | Killed a stone giant
 17025 | Depths:1 | Noticed a stone giant
 17053 | Depths:1 | Killed a stone giant
 17103 | Depths:1 | Found Maf Jush's General Store.
 17116 | Depths:1 | Reached XP level 15. HP: 36/134 MP: 18/18
 17136 | Depths:1 | Bought a scroll of identify for 26 gold pieces
 17136 | Depths:1 | Bought a scroll of fog for 26 gold pieces
 17628 | D:11     | Bought a warped chain mail for 313 gold pieces
 17628 | D:11     | Bought a runed plate armour for 858 gold pieces
 17640 | D:11     | Identified the +1 chain mail "Jucs" {Int+4} (You bought it
                  | in a shop on level 11 of the Dungeon)
 17647 | D:11     | Identified 2 scrolls of acquirement
 17648 | D:11     | Got a fine wooden ring
 17649 | D:11     | Identified the ring "Tauw Sevat" {rPois rF+ Int+4} (You
                  | acquired it on level 11 of the Dungeon)
 17650 | D:11     | Lost intelligence.
 17981 | Lair:1   | Entered Level 1 of the Lair of Beasts
 18039 | Lair:1   | Noticed Harold
 18053 | Lair:1   | Killed Harold
 18065 | Lair:1   | Noticed Urug
 18079 | Lair:1   | Killed Urug
 18163 | Lair:1   | Received a gift from Trog
 18716 | Lair:2   | Received a gift from Trog
 18887 | Lair:2   | Reached skill level 10 in Dodging
 18892 | Lair:2   | Reached skill level 13 in Fighting
 18950 | Lair:2   | Received a gift from Trog
 19617 | Lair:2   | Found a hole to the Spider Nest.
 19915 | Lair:3   | Found a staircase to the Swamp.
 20091 | Lair:3   | Got a warped lead ring
 20092 | Lair:3   | Identified the ring "Daonkadgh" {rElec rPois Slay+4} (You
                  | acquired it on level 3 of the Lair of Beasts)
 21137 | Lair:5   | Reached skill level 14 in Fighting
 21179 | Lair:5   | Found a hide-covered altar of Uskayaw.
 21527 | Lair:5   | Noticed Kirke
 21538 | Lair:5   | Killed Kirke
 21863 | Lair:6   | Entered Level 6 of the Lair of Beasts
 21918 | Lair:6   | Received a gift from Trog
 22056 | Lair:6   | Reached XP level 16. HP: 72/147 MP: 19/19
 22369 | Lair:6   | Reached skill level 15 in Fighting
 22532 | Lair:6   | Reached skill level 15 in Armour
 22903 | Lair:6   | Found a runed translucent door.
 22987 | Lair:6   | Got a pair of smoking boots
 23020 | Lair:6   | Identified the -1 pair of boots of the Vaults {rF+ MR+
                  | Str+3} (You acquired it on level 6 of the Lair of Beasts)
 23262 | Lair:6   | Received a gift from Trog
 23326 | Lair:6   | Found the +12 Vampire's Tooth {vamp}
 23348 | Lair:6   | Received a gift from Trog
 23847 | Swamp:1  | Entered Level 1 of the Swamp
 24198 | Swamp:1  | Paralysed by a hornet for 3 turns
 24439 | Swamp:1  | Received a gift from Trog
 24439 | Swamp:1  | Reached skill level 16 in Fighting
 24510 | Swamp:1  | Noticed a tentacled monstrosity
 24531 | Swamp:1  | Killed a tentacled monstrosity
 24932 | Swamp:2  | Noticed a thorn hunter
 24953 | Swamp:2  | Killed a thorn hunter
 25568 | Swamp:3  | Noticed a thorn hunter
 25584 | Swamp:3  | Killed a thorn hunter
 25889 | Swamp:3  | Reached XP level 17. HP: 104/158 MP: 20/20
 26345 | Swamp:4  | Entered Level 4 of the Swamp
 26735 | Swamp:4  | Noticed a tentacled monstrosity
 26753 | Swamp:4  | Killed a tentacled monstrosity
 26811 | Swamp:4  | Received a gift from Trog
 26901 | Swamp:4  | Received a gift from Trog
 26934 | Swamp:4  | Received a gift from Trog
 27110 | Swamp:4  | Got a decaying rune of Zot
 27772 | Spider:1 | Entered Level 1 of the Spider Nest
 27865 | Spider:1 | Received a gift from Trog
 28288 | Spider:1 | Reached skill level 10 in Throwing
 28964 | Spider:2 | Received a gift from Trog
 28964 | Spider:2 | Reached skill level 17 in Fighting
 28967 | Spider:2 | Noticed Aizul
 28985 | Spider:2 | Killed Aizul
 30037 | Spider:3 | Noticed Donald
 30046 | Spider:3 | Killed Donald
 30416 | Spider:3 | Noticed Arachne
 30434 | Spider:3 | Killed Arachne
 30434 | Spider:3 | Reached XP level 18. HP: 162/170 MP: 21/21
 30436 | Spider:3 | Upgraded the game from 0.24-a0-269-g32ec7ca to
                  | 0.24-a0-271-ga0fc33f
 30857 | Spider:4 | Entered Level 4 of the Spider Nest
 31018 | Spider:4 | Received a gift from Trog
 31090 | Spider:4 | Received a gift from Trog
 31461 | Spider:4 | Got a gossamer rune of Zot
 32389 | Orc:1    | Entered Level 1 of the Orcish Mines
 32422 | Orc:1    | Found the +10 large shield of Ignorance {rN+ Int-4}
 32455 | Orc:1    | Found a runed translucent door.
 32547 | Orc:1    | Found a runed translucent door.
 32746 | Orc:1    | Found Unnounge's Distillery.
 32754 | Orc:1    | Bought a potion of resistance for 120 gold pieces
 32754 | Orc:1    | Bought a potion of heal wounds for 60 gold pieces
 32828 | Orc:2    | Entered Level 2 of the Orcish Mines
 32853 | Orc:2    | Received a gift from Trog
 32913 | Orc:2    | Noticed Josephine
 32915 | Orc:2    | Found a staircase to the Elven Halls.
 32921 | Orc:2    | Killed Josephine
 33031 | Orc:2    | Found a roughly hewn altar of Beogh.
 33268 | Orc:2    | Received a gift from Trog
 33308 | Orc:2    | Found a roughly hewn altar of Beogh.
 33311 | Orc:2    | Found Vuakuts's Food Shoppe.
 33388 | Orc:2    | Noticed Rupert
 33404 | Orc:2    | Killed Rupert
 33492 | Orc:2    | Found a roughly hewn altar of Beogh.
 33543 | Orc:2    | Found Xoenauna's Gadget Shoppe.
 33616 | Orc:2    | Found a roughly hewn altar of Beogh.
 33648 | Orc:2    | Noticed Azrael
 33671 | Orc:2    | Killed Azrael
 33706 | Orc:2    | Found an iron altar of Okawaru.
 33827 | Orc:2    | Received a gift from Trog
 33835 | Orc:2    | Found Pijaiblu's Antique Weapon Boutique.
 33841 | Orc:2    | Found a roughly hewn altar of Beogh.
 33844 | Orc:2    | Found Langaj's Antique Armour Shop.
 34017 | Elf:1    | Entered Level 1 of the Elven Halls
 34032 | Elf:1    | Received a gift from Trog
 34136 | Elf:1    | Reached skill level 18 in Fighting
 34168 | Elf:1    | Received a gift from Trog
 35149 | Elf:2    | Reached XP level 19. HP: 128/179 MP: 22/22
 35238 | Elf:2    | Found a runed translucent gate.
 35238 | Elf:2    | Found a runed translucent gate.
 35239 | Elf:2    | Found a runed translucent gate.
 35264 | Elf:2    | Received a gift from Trog
 36224 | Elf:3    | Entered Level 3 of the Elven Halls
 36408 | Elf:3    | Received a gift from Trog
 36739 | Elf:3    | Reached skill level 19 in Fighting
 36777 | Elf:3    | Reached skill level 15 in Dodging
 37440 | Elf:3    | Found the +5 scythe "Finisher" {speed, eviscerate}
 37451 | Elf:3    | Reached XP level 20. HP: 139/193 MP: 23/23
 37452 | Elf:3    | Received a gift from Trog
 37624 | Elf:3    | Reached skill level 20 in Fighting
 37901 | Elf:3    | Got a clouded silver ring
 37953 | Elf:3    | Identified the ring of Hutubuck {Fire Str+7 Int-4 Dex+4
                  | SInv} (You found it on level 3 of the Elven Halls)
 38483 | Depths:1 | Identified the cursed +3 great sword of Victory {slice,
                  | Int+4}
 38579 | Depths:1 | Received a gift from Trog
 38830 | Depths:1 | Found a gateway to Hell.
 39781 | Depths:2 | HP: 2/195 [something/vampiric draining (21)]
 39784 | Depths:2 | Received a gift from Trog
 39790 | Depths:2 | Noticed a caustic shrike
 39798 | Depths:2 | HP: 9/195 [fire giant/fireball (2)]
 39808 | Depths:2 | Killed from afar by a spriggan air mage

Levels and vault maps discovered:
D:1:      scummos_arrival_simple_fountains, layout_basic
D:2:      layout_basic, grunt_qazlal_clouds
D:3:      layout_basic, first_ration
D:4:      layout_basic, nicolae_ru_great_annihilating_truth,
          serial_park_tiny_pond, hangedman_decor_push, uniq_blork_the_orc
D:5:      layout_loops_corners, minmay_temple_entry_nine_rooms,
          cheibrodos_sewer_entry_bend, lemuel_altar_in_water
D:6:      layout_cave_pods, eino_small_chamber_without_monster
D:7:      layout_basic, kennysheep_generic_room_6
D:8:      layout_layer_cave, dpeg_lair_monsters, serial_shops,
          kennysheep_mini_moat, uniq_erica, uniq_psyche, uniq_pikel
D:9:      layout_loops_cross, uniq_prince_ribbit1
D:10:     layout_basic
D:11:     layout_rooms, orc_0_dummy, serial_shops, shop, grunt_ogre_cave
D:12:     layout_irregular_city, portal_ice_cave_entry_imps, uniq_snorg
D:13:     layout_roguey, maelrawn_ghost_gauntlet_escape, basic_altar,
          kennysheep_pointless_box, uniq_nessos
D:14:     minmay_the_grid_octo_tiled_octocenter_mashed
          [minmay_the_grid_octo_checkered, minmay_the_grid_octo_tetromino_candy,
          minmay_the_grid_octo_77, minmay_the_grid_octo_fat_diamond,
          minmay_the_grid_octo_prize_square_snowflake,
          minmay_the_grid_square_5x5_three, minmay_the_grid_square_5x5_bite,
          minmay_the_grid_square_5x5_inner_v,
          minmay_the_grid_square_5x5_moneybag], layout_rooms,
          grunt_vaults_entry_tiered, solitary_fountain, serial_ice,
          serial_ice_c, serial_ice_f, serial_ice_a, serial_ice_h, serial_ice_l,
          serial_ice_g
D:15:     hangedman_depths_entry_try_elsewhere_first, layout_irregular_city,
          serial_park_tiny_pond, serial_column_ruins, column_ruins_hut_pillars,
          column_ruins_hut_ruined, column_ruins_open_small,
          column_ruins_open_small, column_ruins_corridor_water,
          column_ruins_columns_straight, column_ruins_columns_straight
Lair:1:   layout_chaotic_city, uniq_harold, uniq_urug
Lair:2:   layout_misc_corridors, nicolae_spider_entry_orb_guardian,
          minivault_19, minmay_shattered_shrine, grunt_megastairs_1
Lair:3:   layout_roguey, swamp_mist
Lair:4:   layout_cave_pods, lemuel_fruit_tree, lemuel_fruit_fields
Lair:5:   layout_regular_city, basic_altar, lemuel_old_faithful,
          lemuel_fruit_fields, uniq_kirke
Lair:6:   wormcave, layout_misc_corridors, hangedman_lair_caniforms_friends,
          minmay_slime_entry_oklob_enclosed, special_room [special_room_bee],
          serial_bayou_crossing, infiniplex_staircase_pool
Swamp:1:  cheibrodos_swamp_monstrosity, layout_basic_swamp,
          evilmike_swamp_ruin_house_6, swamp_pool4
Swamp:2:  layout_basic_swamp, evilmike_swamp_ruin_house_4
Swamp:3:  layout_basic_swamp, nicolae_swamp_fairy_circle
Swamp:4:  swamp_basic_johnstein, layout_basic_swamp
Spider:1: layout_spider_delve, einodemon_crawler_minivault
Spider:2: layout_chambers, uniq_aizul
Spider:3: layout_spider_delve, uniq_arachne, uniq_donald
Spider:4: guppyfry_spider_rune
Orc:1:    layout_diamond_mine, serial_shops, shop,
          chequers_guarded_unrand_ignorance
Orc:2:    grunt_orc_community_town_hall, layout_diamond_mine,
          grunt_orc_community_big_house_1, grunt_orc_community_big_house_1,
          grunt_orc_community_house_2, grunt_orc_community_house_2,
          grunt_orc_community_house_1, grunt_orc_community_house_1,
          grunt_orc_community_house_2, okawaru_metal_pillars_1_2, uniq_azrael,
          uniq_josephine, uniq_rupert
Elf:1:    eino_elf_arrival_the_gate, layout_loops_corners,
          kennysheep_underground_church
Elf:2:    layout_gridlike
Elf:3:    minmay_elf_hall, layout_gridlike
Depths:1: layout_roguey, chequers_hall_statues_y, lightli_too_deep,
          serial_shops, bzr_entry_customers, shop, shop, kennysheep_crisscross,
          water_maze_lemuel
Depths:2: minmay_octagon_city, layout_basic, enter_ziggurat_b, serial_shops,
          shop_statue, minmay_misc_feat_enclosed, hell_entry,
          infiniplex_staircase_star
Sewer:    kennysheep_pipe_town
IceCv:    ice_cave_small_demon

Skill      XL: |  1  2  3  4  5  6  7  8  9 10 11 12 13 14 15 16 17 18 19 20 |
---------------+-------------------------------------------------------------+-----
Maces & Flails | 4 5 6 7 9 11 13 14 16 17 18 | 18.0
Fighting       | 4 5 7 8 10 12 14 16 17 18 19 20 | 20.8
Armour         | 3 4 5 6 9 10 12 14 15 16 17 18 | 18.0
Dodging        | 3 4 5 6 9 10 11 12 13 15 16 | 16.8
Shields        | 1 2 3 4 7 8 10 12 15 16 17 18 | 18.0
Throwing       | 5 8 9 10 | 10.0
Evocations     | 2 5 6 |  6.0

Action                   |  1- 3 |  4- 6 |  7- 9 | 10-12 | 13-15 | 16-18 | 19-21 || total
-------------------------+-------+-------+-------+-------+-------+-------+-------++-------
Melee: Mace              |    78 |    29 |       |       |       |       |       ||   107
       Headbutt          |    15 |    15 |    79 |   238 |   306 |   532 |   200 ||  1385
       Flail             |       |   106 |   308 |       |       |       |       ||   414
       Whip              |       |       |    13 |   613 |       |       |       ||   626
       Eveningstar       |       |       |       |   187 |  1137 |  1851 |   687 ||  3862
Throw: Javelin           |       |       |     4 |     1 |     6 |    22 |       ||    33
Invok: Berserk           |     1 |     1 |     2 |     4 |     3 |     6 |     1 ||    18
       Trog's Hand       |       |       |       |     4 |     4 |     3 |     1 ||    12
       Brothers in Arms  |       |       |       |     3 |     6 |     6 |     3 ||    18
Evoke: Wand              |       |       |       |       |     1 |       |       ||     1
  Use: Scroll            |       |     2 |     8 |     9 |    17 |    10 |     4 ||    50
       Potion            |       |       |       |     3 |     6 |     5 |     6 ||    20
 Stab: Invisible         |       |     1 |       |       |       |       |       ||     1
       Paralysed         |       |     1 |       |       |       |       |       ||     1
       Distracted        |       |       |     1 |       |       |       |       ||     1
  Eat: Chunk             |     2 |     3 |    13 |    22 |    32 |    39 |    10 ||   121
       Ration            |       |     1 |       |     2 |     2 |     4 |     2 ||    11
Armor: Ring mail         |    42 |    42 |       |       |       |       |       ||    84
       Chain mail        |       |    25 |    26 |    14 |   130 |       |       ||   195
       Plate armour      |       |       |   161 |   151 |   133 |   765 |   149 ||  1359
Dodge: Dodged            |    55 |    66 |   103 |   128 |   300 |   785 |   192 ||  1629
Block: Shield            |       |    50 |   179 |   448 |   815 |  1770 |   414 ||  3676
       Reflection        |       |       |       |    23 |    39 |    52 |    64 ||   178

Table legend:
 A = Non-vault XP
 B = Vault XP
 C = Vault XP percentage of total XP
 D = Non-vault monster count
 E = Vault monster count
 F = Vault count percentage of total count
                 A         B        C        D         E       F
            +---------+---------+-------+---------+---------+-------
      Total |  304086 |  224679 |  42.5 |    1076 |     511 |  32.2
            +---------+---------+-------+---------+---------+-------
        D:1 |      39 |       0 |   0.0 |      22 |       0 |   0.0
        D:2 |      78 |       0 |   0.0 |      35 |       0 |   0.0
        D:3 |     284 |       0 |   0.0 |      24 |       0 |   0.0
        D:4 |     618 |     144 |  18.9 |      20 |       5 |  20.0
        D:5 |     247 |      10 |   3.9 |      18 |       2 |  10.0
        D:6 |     706 |       0 |   0.0 |      28 |       0 |   0.0
        D:7 |     507 |      16 |   3.1 |      15 |       1 |   6.2
        D:8 |    2199 |    8112 |  78.7 |      32 |      10 |  23.8
        D:9 |    2352 |     277 |  10.5 |      25 |       1 |   3.8
       D:10 |    3388 |       0 |   0.0 |      21 |       0 |   0.0
       D:11 |    2402 |     888 |  27.0 |      28 |       1 |   3.4
       D:12 |    5461 |    1263 |  18.8 |      59 |      13 |  18.1
       D:13 |    6840 |    1155 |  14.4 |      47 |       1 |   2.1
       D:14 |   12149 |   17873 |  59.5 |      46 |      62 |  57.4
       D:15 |    4525 |    2560 |  36.1 |      13 |       5 |  27.8
     Lair:1 |    4014 |    1848 |  31.5 |      17 |       2 |  10.5
     Lair:2 |    5744 |    6574 |  53.4 |      32 |      15 |  31.9
     Lair:3 |    4939 |       0 |   0.0 |      18 |       0 |   0.0
     Lair:4 |    2864 |       0 |   0.0 |      13 |       0 |   0.0
     Lair:5 |    4771 |    2276 |  32.3 |      17 |       2 |  10.5
     Lair:6 |   16089 |   18514 |  53.5 |      39 |      99 |  71.7
    Swamp:1 |   14262 |    3001 |  17.4 |      49 |       1 |   2.0
    Swamp:2 |   12816 |       0 |   0.0 |      25 |       0 |   0.0
    Swamp:3 |   14953 |       0 |   0.0 |      35 |       0 |   0.0
    Swamp:4 |   13264 |   14837 |  52.8 |      25 |      28 |  52.8
   Spider:1 |   16020 |    1473 |   8.4 |      45 |       6 |  11.8
   Spider:2 |   11884 |    1581 |  11.7 |      30 |       1 |   3.2
   Spider:3 |    8237 |    5294 |  39.1 |      19 |       2 |   9.5
   Spider:4 |   12937 |   23900 |  64.9 |      35 |      37 |  51.4
      Orc:1 |    2695 |       0 |   0.0 |      22 |       0 |   0.0
      Orc:2 |    7933 |   14177 |  64.1 |      63 |      82 |  56.6
      Elf:1 |   11395 |    6047 |  34.7 |      19 |      10 |  34.5
      Elf:2 |   23024 |   20403 |  47.0 |      36 |      26 |  41.9
      Elf:3 |   17207 |   50860 |  74.7 |      27 |      29 |  51.8
   Depths:1 |   44150 |    3877 |   8.1 |      56 |       6 |   9.7
   Depths:2 |   13093 |   14209 |  52.0 |      21 |      14 |  40.0
      Sewer |       0 |     429 | 100.0 |       0 |      24 | 100.0
      IceCv |       0 |    3081 | 100.0 |       0 |      26 | 100.0
            +---------+---------+-------+---------+---------+-------
